SAAA
TREMONT DOUBLEDAYS @ JERSEY CITY SUN CAPS
09/12/2020
 
TOP OF THE 1ST
Tremont Doubledays batting - Pitching for Jersey City Sun Caps : LHP Jim Unknown
Pitching: LHP Jim Unknown
Batting: LHB Scott Britt 0-0: Swinging Strike
0-1: Ball
1-1: Ball
2-1: Ball
3-1: Base on Balls
Batting: RHB Jim Unknown 0-0: Ball
1-0: Foul Ball, location: 2F
1-1: Ball
2-1: Ball
3-1: Swinging Strike
3-2: Base on Balls
Scott Britt to second
Batting: RHB Kazunori Ito 0-0: Called Strike
0-1: Ball
1-1: Foul Ball, location: 2F
1-2: Foul Ball, location: 2F
1-2: Ball
2-2: Strikes out swinging
Batting: LHB Emílio Barbán 0-0: Called Strike
0-1: Swinging Strike
0-2: Foul Ball, location: 2F
0-2: Ball
1-2: Strikes out looking
Batting: LHB Félix López 0-0: Ball
1-0: Foul Ball, location: 2F
1-1: Ground out 4-3 (Groundball, 34)
Top of the 1st over - 0 run(s), 0 hit(s), 0 error(s), 2 left on base; Tremont 0 - Jersey City 0
BOTTOM OF THE 1ST
Jersey City Sun Caps batting - Pitching for Tremont Doubledays : RHP Jim Unknown
Pitching: RHP Jim Unknown
Batting: LHB Jesús Pérez 0-0: Called Strike
0-1: Ball
1-1: Fly out, F7 (Flyball, 7M)
Batting: RHB Christian O'Neal 0-0: Ball
1-0: Called Strike
1-1: Foul Ball, location: 2F
1-2: Ground out 6-3 (Groundball, 6)
Batting: LHB Munemori Ohara 0-0: Ball
1-0: Ground out 4-3 (Groundball, 4)
Bottom of the 1st over - 0 run(s), 0 hit(s), 0 error(s), 0 left on base; Tremont 0 - Jersey City 0
TOP OF THE 2ND
Tremont Doubledays batting - Pitching for Jersey City Sun Caps : LHP Jim Unknown
Batting: RHB Jim Unknown 0-0: Ball
1-0: Called Strike
1-1: Ball
2-1: Ball
3-1: Foul Ball, location: 2F
3-2: Base on Balls
Batting: LHB Jim Unknown 0-0: Ball
1-0: Called Strike
1-1: Hit by Pitch
Jim Unknown to second
Batting: RHB Jim Unknown 0-0: Called Strike
0-1: Ball
1-1: Swinging Strike
1-2: Ball
2-2: Ball
3-2: Ground out 5-3 (Groundball, 5S)
Jim Unknown to third
Jim Unknown to second
Batting: RHB Jim Unknown 0-0: Ball
1-0: Ball
2-0: Ball
3-0: Base on Balls
Batting: LHB Scott Britt 0-0: Called Strike
0-1: Foul Ball, location: 2F
0-2: Ball
1-2: Foul Ball, location: 2F
1-2: Foul Ball, location: 2F
1-2: Ball
2-2: Fly out, F9 (Flyball, 9LM)
Runner from 3rd tags up, SCORES, throw made
Batting: RHB Jim Unknown 0-0: Foul Ball, location: 2F
0-1: Called Strike
0-2: Strikes out swinging
Top of the 2nd over - 1 run(s), 0 hit(s), 0 error(s), 2 left on base; Tremont 1 - Jersey City 0
BOTTOM OF THE 2ND
Jersey City Sun Caps batting - Pitching for Tremont Doubledays : RHP Jim Unknown
Batting: RHB Tony Quintana 0-0: Ground out 6-3 (Groundball, 6)
Batting: LHB Rick Watson 0-0: Foul Ball, location: 2F
0-1: Called Strike
0-2: Foul Ball, location: 2F
0-2: Foul Ball, location: 2F
0-2: Ball
1-2: SINGLE (Groundball, 4MD)
Batting: RHB Oscar Lewis 0-0: Foul Ball, location: 2F
0-1: Called Strike
0-2: Foul Ball, location: 2F
0-2: Strikes out swinging
Batting: RHB Roy Williams 0-0: Called Strike
0-1: Ball
1-1: DOUBLE (Line Drive, 3L)
Rick Watson to third
Runner from 3rd tries for Home, SAFE, throw made home
Batting: RHB Christian O'Dell 0-0: Foul Ball, location: 2F
0-1: Foul Ball, location: 2F
0-2: Ball
1-2: Ball
2-2: Strikes out swinging
Bottom of the 2nd over - 1 run(s), 2 hit(s), 0 error(s), 1 left on base; Tremont 1 - Jersey City 1
TOP OF THE 3RD
Tremont Doubledays batting - Pitching for Jersey City Sun Caps : LHP Jim Unknown
Batting: RHB Kazunori Ito 0-0: Called Strike
0-1: Called Strike
0-2: Ball
1-2: Ball
2-2: Strikes out swinging
Batting: LHB Emílio Barbán 0-0: Ball
1-0: Ball
2-0: Called Strike
2-1: Called Strike
2-2: Foul Ball, location: 2F
2-2: Foul Ball, location: 2F
2-2: Ball
3-2: Strikes out swinging
Batting: LHB Félix López 0-0: Ball
1-0: Foul Ball, location: 2F
1-1: SINGLE (Groundball, 34D)
Batting: RHB Jim Unknown 0-0: Swinging Strike
0-1: Fly out, F8 (Flyball, 8RD)
Top of the 3rd over - 0 run(s), 1 hit(s), 0 error(s), 1 left on base; Tremont 1 - Jersey City 1
BOTTOM OF THE 3RD
Jersey City Sun Caps batting - Pitching for Tremont Doubledays : RHP Jim Unknown
Batting: RHB Enrique Echevarría 0-0: Ball
1-0: Ball
2-0: SINGLE (Line Drive, 9S)
Batting: LHB Jesús Pérez 0-0: Ball
1-0: Fly out, F7 (Flyball, 7D)
Batting: RHB Christian O'Neal 0-0: Called Strike
Enrique Echevarría is caught stealing 2nd base
0-1: Ground out 5-3 (Groundball, 5)
Bottom of the 3rd over - 0 run(s), 1 hit(s), 0 error(s), 0 left on base; Tremont 1 - Jersey City 1
TOP OF THE 4TH
Tremont Doubledays batting - Pitching for Jersey City Sun Caps : LHP Jim Unknown
Batting: LHB Jim Unknown 0-0: Foul Ball, location: 2F
0-1: Ball
1-1: Ball
2-1: Foul Ball, location: 2F
2-2: SOLO HOME RUN (Flyball, 8RXD), Distance : 438 ft
Batting: RHB Jim Unknown 0-0: Ball
1-0: Ball
2-0: Swinging Strike
2-1: Swinging Strike
2-2: Ball
3-2: Ground out 6-3 (Groundball, 6)
Batting: RHB Jim Unknown 0-0: Foul Ball, location: 2F
0-1: Fly out, F7 (Flyball, 78M)
Batting: LHB Scott Britt 0-0: Ball
1-0: SINGLE (Line Drive, 6M)
Batting: RHB Jim Unknown 0-0: Foul Ball, location: 2F
0-1: Ball
1-1: Fielders Choice at 2nd, 6-4 (Groundball, 56)
Top of the 4th over - 1 run(s), 2 hit(s), 0 error(s), 0 left on base; Tremont 2 - Jersey City 1
BOTTOM OF THE 4TH
Jersey City Sun Caps batting - Pitching for Tremont Doubledays : RHP Jim Unknown
Batting: LHB Munemori Ohara 0-0: Ball
1-0: Swinging Strike
1-1: Hit by Pitch
Batting: RHB Tony Quintana 0-0: SINGLE (Groundball, 6MD)
Munemori Ohara to second
Batting: LHB Rick Watson 0-0: Ball
1-0: Ball
2-0: Ball
3-0: Called Strike
3-1: Fly out, F5 (Popup, 5D)
Batting: RHB Oscar Lewis 0-0: Ball
1-0: Ball
2-0: SINGLE (Groundball, 56D) (infield hit)
Munemori Ohara to third
Tony Quintana to second
Batting: RHB Roy Williams 0-0: Ball
1-0: Called Strike
1-1: Ball
2-1: Fly out, F8 (Flyball, 8LM)
Runner from 3rd tags up, SCORES, no throw
Batting: RHB Christian O'Dell 0-0: Foul Ball, location: 2F
0-1: Foul Ball, location: 2F
0-2: Ball
1-2: Ball
2-2: Foul Ball, location: 2F
2-2: Ground out 1-3 (Groundball, 13)
Bottom of the 4th over - 1 run(s), 2 hit(s), 0 error(s), 2 left on base; Tremont 2 - Jersey City 2
TOP OF THE 5TH
Tremont Doubledays batting - Pitching for Jersey City Sun Caps : LHP Jim Unknown
Batting: RHB Kazunori Ito 0-0: Ball
1-0: Foul Ball, location: 2F
1-1: Foul Ball, location: 2F
1-2: Ball
2-2: Fly out, F9 (Flyball, 9S)
Batting: LHB Emílio Barbán 0-0: Ball
1-0: Swinging Strike
1-1: Ground out 3-1 (Groundball, 34S)
Batting: LHB Félix López 0-0: Called Strike
0-1: Ground out 6-3 (Groundball, 6)
Top of the 5th over - 0 run(s), 0 hit(s), 0 error(s), 0 left on base; Tremont 2 - Jersey City 2
BOTTOM OF THE 5TH
Jersey City Sun Caps batting - Pitching for Tremont Doubledays : RHP Jim Unknown
Batting: RHB Enrique Echevarría 0-0: Ball
1-0: Called Strike
1-1: Fly out, F7 (Flyball, 7S)
Batting: LHB Jesús Pérez 0-0: Ball
1-0: Ball
2-0: Ground out U3 (Groundball, 3L)
Batting: RHB Christian O'Neal 0-0: Swinging Strike
0-1: Foul Ball, location: 2F
0-2: Ball
1-2: Ground out 5-3 (Groundball, 56)
Bottom of the 5th over - 0 run(s), 0 hit(s), 0 error(s), 0 left on base; Tremont 2 - Jersey City 2
TOP OF THE 6TH
Tremont Doubledays batting - Pitching for Jersey City Sun Caps : LHP Jim Unknown
Batting: RHB Jim Unknown 0-0: Swinging Strike
0-1: Ball
1-1: Foul Ball, location: 2F
1-2: Ball
2-2: Foul Ball, location: 2F
2-2: Strikes out swinging
Batting: LHB Jim Unknown 0-0: Ball
1-0: Foul Ball, location: 2F
1-1: Ball
2-1: Called Strike
2-2: SINGLE (Groundball, 5D)
Pitching: RHP Jim Unknown
Batting: RHB Jim Unknown 0-0: Ball
1-0: Foul Ball, location: 2F
1-1: Ball
2-1: Ball
3-1: Base on Balls
Jim Unknown to second
Batting: RHB Jim Unknown 0-0: Called Strike
0-1: Ball
1-1: Swinging Strike
1-2: Strikes out swinging
Batting: LHB Scott Britt 0-0: Ball
1-0: Ball
2-0: Hit by Pitch
Jim Unknown to third
Jim Unknown to second
Batting: RHB Jim Unknown 0-0: Foul Ball, location: 2F
0-1: Called Strike
0-2: Strikes out swinging
Top of the 6th over - 0 run(s), 1 hit(s), 0 error(s), 3 left on base; Tremont 2 - Jersey City 2
BOTTOM OF THE 6TH
Jersey City Sun Caps batting - Pitching for Tremont Doubledays : RHP Jim Unknown
Batting: LHB Munemori Ohara 0-0: Ball
1-0: Called Strike
1-1: Ball
2-1: Foul Ball, location: 2F
2-2: Strikes out swinging
Batting: RHB Tony Quintana 0-0: Ball
1-0: DOUBLE (Line Drive, 8LD)
Batting: LHB Rick Watson 0-0: Ball
1-0: Called Strike
1-1: Foul Ball, location: 2F
1-2: Ball
2-2: Hit by Pitch
Batting: RHB Oscar Lewis 0-0: Ball
1-0: Grounds into double play, 6-4-3 (Groundball, 6)
Bottom of the 6th over - 0 run(s), 1 hit(s), 0 error(s), 1 left on base; Tremont 2 - Jersey City 2
TOP OF THE 7TH
Tremont Doubledays batting - Pitching for Jersey City Sun Caps : RHP Jim Unknown
Batting: RHB Kazunori Ito 0-0: Called Strike
0-1: Ball
1-1: SINGLE (Line Drive, 8LS)
Batting: LHB Emílio Barbán 0-0: Called Strike
0-1: Ball
1-1: Foul Ball, location: 2F
1-2: Fly out, F8 (Flyball, 8RD)
Batting: LHB Félix López 0-0: Ball
1-0: Fly out, F9 (Flyball, 9M)
Batting: RHB Jim Unknown 0-0: Ball
1-0: Swinging Strike
1-1: Swinging Strike
1-2: Ball
2-2: Fly out, F9 (Line Drive, 9M)
Top of the 7th over - 0 run(s), 1 hit(s), 0 error(s), 1 left on base; Tremont 2 - Jersey City 2
BOTTOM OF THE 7TH
Jersey City Sun Caps batting - Pitching for Tremont Doubledays : RHP Jim Unknown
Batting: RHB Roy Williams 0-0: Ball
1-0: Ball
2-0: Foul Ball, location: 2F
2-1: Ground out 6-3 (Groundball, 6)
Batting: RHB Christian O'Dell 0-0: Ball
1-0: Ground out 5-3 (Groundball, 56)
Batting: RHB Enrique Echevarría 0-0: Called Strike
0-1: Ball
1-1: Foul Ball, location: 2F
1-2: Fly out, F4 (Popup, 4D)
Bottom of the 7th over - 0 run(s), 0 hit(s), 0 error(s), 0 left on base; Tremont 2 - Jersey City 2
TOP OF THE 8TH
Tremont Doubledays batting - Pitching for Jersey City Sun Caps : RHP Jim Unknown
Batting: LHB Jim Unknown 0-0: Foul Ball, location: 2F
0-1: SINGLE (Line Drive, 78S)
Batting: RHB Jim Unknown 0-0: Ball
1-0: Bunted foul
1-1: Sac Bunt - play at first, batter OUT! 2-4
Jim Unknown to second
Pinch Hitting: LHB Jim Unknown 0-0: SINGLE (Flyball, 8RS)
Jim Unknown to third
Runner from 3rd tries for Home, SAFE, throw made home
Batting: LHB Scott Britt 0-0: Called Strike
0-1: Swinging Strike
0-2: Strikes out swinging
Batting: RHB Jim Unknown 0-0: Ball
1-0: Ball
2-0: Foul Ball, location: 2F
2-1: Foul Ball, location: 2F
2-2: Fly out, F8 (Flyball, 8LM)
Top of the 8th over - 1 run(s), 2 hit(s), 0 error(s), 1 left on base; Tremont 3 - Jersey City 2
BOTTOM OF THE 8TH
Jersey City Sun Caps batting - Pitching for Tremont Doubledays : RHP Jim Unknown
Now at 1B: Jim Unknown
Batting: LHB Jesús Pérez 0-0: Fly out, F7 (Flyball, 7M)
Batting: RHB Christian O'Neal 0-0: Called Strike
0-1: Ball
1-1: Swinging Strike
1-2: Strikes out looking
Batting: LHB Munemori Ohara 0-0: Ball
1-0: Ground out 3-1 (Groundball, 3L)
Bottom of the 8th over - 0 run(s), 0 hit(s), 0 error(s), 0 left on base; Tremont 3 - Jersey City 2
TOP OF THE 9TH
Tremont Doubledays batting - Pitching for Jersey City Sun Caps : RHP Jim Unknown
Pitching: RHP Jim Unknown
Batting: RHB Kazunori Ito 0-0: Ball
1-0: Called Strike
1-1: Called Strike
1-2: Strikes out looking
Batting: LHB Emílio Barbán 0-0: Ball
1-0: Ball
2-0: Ground out U3 (Groundball, 3L)
Batting: LHB Félix López 0-0: Ball
1-0: Foul Ball, location: 2F
1-1: Swinging Strike
1-2: Foul Ball, location: 2F
1-2: Strikes out swinging, 2-3 out at first.
Top of the 9th over - 0 run(s), 0 hit(s), 0 error(s), 0 left on base; Tremont 3 - Jersey City 2
BOTTOM OF THE 9TH
Jersey City Sun Caps batting - Pitching for Tremont Doubledays : RHP Jim Unknown
Pinch Hitting: LHB Miguel Martínez 0-0: Foul Ball, location: 2F
0-1: Ball
1-1: Ball
2-1: DOUBLE (Flyball, 7D)
Pitching: RHP Jim Unknown
Batting: LHB Rick Watson 0-0: Foul Ball, location: 2F
0-1: Ball
1-1: Called Strike
1-2: Ball
Wild Pitch!
Miguel Martínez to third
2-2: SINGLE (Groundball, 5D)
Miguel Martínez scores
Batting: RHB Oscar Lewis 0-0: Reached on error, E2 (Groundball, 23)
Rick Watson to third
Batting: RHB Roy Williams 0-0: Foul Ball, location: 2F
0-1: Swinging Strike
0-2: Foul Ball, location: 2F
0-2: Ball
1-2: Strikes out swinging
Batting: RHB Christian O'Dell 0-0: Intentional Walk
Batting: RHB Enrique Echevarría 0-0: Foul Ball, location: 2F
0-1: Foul Ball, location: 2F
0-2: Ball
1-2: Strikes out swinging
Batting: LHB Jesús Pérez 0-0: SINGLE (Line Drive, 34D)
Rick Watson scores
This league is powered by Out of the Park Baseball, the baseball management simulation game for PC, Mac and Linux
Friday, October 23rd, 2015 - OOTP Baseball 16.9 Build 39